 Dungeon Crawl Stone Soup version 0.21.1-1-g345015fe64 (webtiles) character file.

98 cyrilmardrake the Skirmisher (level 4, -7/41 HPs)
             Began as a Minotaur Abyssal Knight on Mar 26, 2018.
             Was a Believer of Lugonu.
             Killed from afar by Sigmund (9 damage)
             ... with a puff of flame
             ... on level 2 of the Dungeon.
             The game lasted 00:11:49 (1715 turns).

cyrilmardrake the Skirmisher (MiAK)                 Turns: 1715, Time: 00:11:50

Health: -7/41      AC: 10    Str: 17    XL:     4   Next: 43%
Magic:  4/4        EV: 10    Int:  9    God:    Lugonu [**....]
Gold:   76         SH:  0    Dex: 10    Spells: 3/3 levels left

rFire    . . .     SeeInvis .   d - +0 spear (freeze)
rCold    . . .     Gourm    .   (no shield)
rNeg     . . .     Faith    .   l - +4 scale mail {MR+}
rPois    .         Spirit   .   (helmet restricted)
rElec    .         Reflect  .   (no cloak)
rCorr    +         Harm     .   (no gloves)
MR       +....                  (no boots)
Stlth    ..........             (no amulet)
HPRegen  0.13/turn              e - ring of resist corrosion
MPRegen  0.09/turn              (no ring)

@: no status effects
A: retaliatory headbutt, horns 2
a: Depart the Abyss, Bend Space, Renounce Religion


You were on level 2 of the Dungeon.
You worshipped Lugonu.
Lugonu was pleased with you.
You were not hungry.

You visited 1 branch of the dungeon, and saw 2 of its levels.
You visited the Abyss 1 time.

You collected 76 gold pieces.

Inventory:

Hand Weapons
 a - a +1 falchion
 d - a +0 spear of freezing (weapon)
 p - a +0 hunting sling
Missiles
 f - 19 sling bullets (quivered)
 g - 5 poisoned needles
Armour
 b - a +0 leather armour
 j - a +1 chain mail
 l - a +4 scale mail of magic resistance (worn)
Jewellery
 e - a ring of resist corrosion (left hand)
Scrolls
 o - a scroll of remove curse
Potions
 h - a potion of magic
Comestibles
 c - 4 rations


   Skills:
 + Level 4.9 Fighting
 + Level 3.7 Long Blades
 + Level 0.1 Polearms
 + Level 3.0 Armour
 + Level 1.7 Dodging
 + Level 0.2 Stealth
 + Level 1.9 Invocations


You had 3 spell levels left.
You didn't know any spells.

Dungeon Overview and Level Annotations

Branches:
Dungeon (2/15)

Altars:
Ashenzari

Annotations:
D:2 Sigmund


Innate Abilities, Weirdness & Mutations

You reflexively headbutt those who attack you in melee.
You have a pair of horns on your head.


Message History

The adder is no longer moving slowly.
Something hits you but does no damage. The adder closely misses you.
You furiously retaliate!
You headbutt the adder. The adder bites you but does no damage.
You miss the adder.
The adder is almost dead.
The adder bites you.
* * * LOW HITPOINT WARNING * * *
You hit the adder. You freeze the adder.
You kill the adder!
Lugonu accepts your kill.
Your Armour skill increases to level 3!
Something hits you.
* * * LOW HITPOINT WARNING * * *
You start resting.
Something hits you.
* * * LOW HITPOINT WARNING * * *
You barely miss something. You headbutt something!
You hear some strange, mumbled words.
A puff of flame appears from out of thin air!
The puff of flame hits you!
You die...

#..# #.#.# ##.#
#.#.. #.# #.#.#
#.# #.#.# #.#
#.#..
######.########.#
.................#
........########{#
######### #@# #.#
#.# #.# #.# ..#
..# ..# #..#


There were no monsters in sight!

Vanquished Creatures
  Terence (D:2)
  3 adders (D:2)
  An ooze (D:2)
  A leopard gecko (D:1)
  2 bats
  A giant cockroach (D:1)
  3 goblins
  9 hobgoblins
  4 jackals (D:2)
  5 kobolds
  A quokka (D:2)
  2 frilled lizards
  3 rats
36 creatures vanquished.

Notes
Turn   | Place    | Note
-------+----------+-------------------------------------------
     0 | Abyss:1  | cyrilmardrake the Minotaur Abyssal Knight began the quest for the Orb.
     0 | Abyss:1  | Reached XP level 1. HP: 19/19 MP: 1/1
    13 | D:1      | Escaped the Abyss
   169 | D:1      | Reached skill level 4 in Fighting
   338 | D:1      | Reached XP level 2. HP: 27/27 MP: 2/2
  1317 | D:2      | Noticed Terence
  1330 | D:2      | Killed Terence
  1330 | D:2      | Reached XP level 3. HP: 31/35 MP: 3/3
  1399 | D:2      | Reached ** piety under Lugonu
  1511 | D:2      | Reached XP level 4. HP: 41/41 MP: 4/4
  1521 | D:2      | Found a shattered altar of Ashenzari.
  1674 | D:2      | Noticed Sigmund
  1713 | D:2      | HP: 2/41 [something (4)]
  1715 | D:2      | Killed from afar by Sigmund

Skill      XL: |  1  2  3  4 |
---------------+-------------+-----
Fighting       | 4 |  4.9
Long Blades    | 3 |  3.7
Armour         | 3 |  3.0
Polearms       | |  0.1
Dodging        | |  1.7
Stealth        | |  0.2
Invocations    | |  1.9

Action                   |  1- 3 |  4- 6 || total
-------------------------+-------+-------++-------
Melee: Falchion          |    45 |       ||    45
       Headbutt          |    11 |     2 ||    13
       Spear             |    27 |    36 ||    63
  Use: Scroll            |     3 |     1 ||     4
       Potion            |       |     2 ||     2
  Eat: Ration            |     1 |       ||     1
Armor: Leather armour    |     7 |       ||     7
       Chain mail        |     7 |       ||     7
       Scale mail        |    15 |    20 ||    35
Dodge: Dodged            |    36 |    19 ||    55
       Rpst.: Falchion   |     6 |       ||     6
